 Dungeon Crawl Stone Soup version 0.28.0 (webtiles) character file.

Game seed: 16572460722506949510

88 RighteousDevil the Sneak (level 4, 0/28 HPs)
             Began as a Kobold Wanderer on Feb 7, 2022.
             Was a Follower of Kikubaaqudgha.
             Slain by an adder (1 damage)
             ... on level 2 of the Dungeon.
             The game lasted 00:03:40 (2347 turns).

RighteousDevil the Sneak (Kobold Wanderer)          Turns: 2347, Time: 00:03:40

Health: 0/28       AC:  4    Str:  8    XL:     4   Next: 82%
Magic:  5/6        EV: 12    Int: 12    God:    Kikubaaqudgha [*.....]
Gold:   63         SH:  0    Dex: 18    Spells: 3/6 levels left

rFire   . . .      SeeInvis .   a - +2 mace
rCold   + . .      Faith    .   (no shield)
rNeg    . . .      Spirit   .   f - +0 leather armour {rC+}
rPois   .          Reflect  .   (helmet currently unavailable)
rElec   .          Harm     .   (no cloak)
rCorr   .          Rampage  .   b - +0 pair of gloves
Will    .....                   (boots currently unavailable)
Stlth   ++++......              (no amulet)
HPRegen 0.09/turn               (no ring)
MPRegen 0.10/turn               (no ring)

@: appendages
A: horns 2, talons 2, small, no large weapons, nightstalker 3
a: End Transformation, Renounce Religion, Receive Corpses


You were on level 2 of the Dungeon.
You worshipped Kikubaaqudgha.
Kikubaaqudgha was aware of your devotion.
You had temporarily grown beastly horns and talons.
You visited 1 branch of the dungeon, and saw 2 of its levels.

You collected 63 gold pieces.

Inventory:

Hand Weapons
 a - a +2 mace (weapon)
Missiles
 c - 2 throwing nets
 e - 6 poisoned darts
Armour
 b - a +0 pair of gloves (worn)
 f - a +0 leather armour of cold resistance (worn)
 i - an orb of wrath
Scrolls
 g - a scroll of identify
Potions
 d - a potion of magic


   Skills:
 - Level 3.3 Fighting
 + Level 3.9 Maces & Flails
 - Level 4.0 Stealth
 + Level 1.7 Spellcasting
 + Level 1.1 Necromancy
 - Level 2.0 Transmutations


You had 3 spell levels left.
You knew the following spells:

 Your Spells              Type           Power      Damage    Failure   Level
a - Beastly Appendage     Tmut           10%        N/A       19%         1
b - Animate Skeleton      Necr           6%         N/A       26%         1
c - Pain                  Necr           12%        1d4       26%         1

Your spell library contained the following spells:

 Spells                   Type           Power      Damage    Failure   Level
 Corpse Rot               Necr/Air       4%         N/A       43%         2
 Vampiric Draining        Necr           3%         2d6       58%         3
 Ignite Poison            Fire/Tmut/Pois 2%         N/A       67%         3
 Mephitic Cloud           Conj/Pois/Air  1%         N/A       77%         3
 Blade Hands              Tmut           2%         N/A       99%         5
 Freezing Cloud           Conj/Ice/Air   0%         6-21      100%        5
 Irradiate                Conj/Tmut      1%         3d14      100%        5
 Dragon Form              Tmut           2%         N/A       100%        7


Dungeon Overview and Level Annotations

Branches:
Dungeon (2/15)

Altars:
Kikubaaqudgha

Shops:
D:1 *


Innate Abilities, Weirdness & Mutations

You have temporarily grown beastly horns and talons.
You are small and have problems with some larger weapons.
You are completely attuned to the shadows.


Message History

The hobgoblin hits you but does no damage.
You barely miss the quokka. The quokka barely misses you.
The hobgoblin hits you.
An adder comes into view.
The quokka misses you. The hobgoblin barely misses you.
The adder hisses angrily.
You hit the quokka.
You kill the quokka!
Kikubaaqudgha accepts your kill.
The hobgoblin hits you but does no damage.
You closely miss the adder. The adder closely misses you.
The hobgoblin hits you but does no damage.
You completely miss the adder. Your punch misses the adder.
The adder bites you.
You are poisoned.
The adder poisons you!
The hobgoblin splashes around in the water.
The adder bites you but does no damage.
You hit the adder but do no damage.
You feel sick. The adder barely misses you. The hobgoblin hits you.
The adder misses you.
You feel sick.
You feel sick. The hobgoblin hits you.
* * * LOW HITPOINT WARNING * * *
You feel sick. The adder bites you.
* * * LOW HITPOINT WARNING * * *
Okay, then.
You aren't carrying any items that you can evoke.
Okay, then.
You feel sick.
You are no longer poisoned.
Casting: Beastly Appendage (safe; 19% risk of failure)
Confirm with . or Enter, or press ? or * to list all spells.
You grow a pair of large bovine horns.
Your feet morph into talons.
The adder barely misses you. x2
You completely miss the adder. Your kick misses the adder.
The hobgoblin hits you.
* * * LOW HITPOINT WARNING * * *
The adder bites you.
You die...
Kikubaaqudgha rasps: "You have failed me!
Welcome... death!"

#.# #.# ≈≈≈≈♣########.#
#.# ≈≈≈≈♣......##.# #.#
P≈PP.......##.# #.#
≈≈≈†.......##.# #.#
≈≈≈≈†......##.# #.#
P≈≈P.......##.# #.#
≈≈PP.......##.#####.######
≈..≈.....S@##.##..........
.....!...g....##..........
..........#####..........
#...#############.######
### #....##.# ###....##.#
# #.'....'..# #
#.#....##########
#####.####...[.....##


You could see an adder and a hobgoblin.

Vanquished Creatures
  3 gnolls (D:2)
  An adder (D:2)
  A worm (D:2)
  4 dart slugs (D:1)
  2 orcs
  A ball python (D:1)
  An endoplasm (D:1)
  2 giant cockroaches (D:1)
  6 hobgoblins
  3 jackals (D:1)
  2 quokkas
  4 bats (D:1)
  A frilled lizard (D:1)
  2 goblins
  3 kobolds (D:1)
  2 rats (D:1)
38 creatures vanquished.

Vanquished Creatures (others)
  A bat (D:1)
  11 plants (D:2)
12 creatures vanquished.

Grand Total: 50 creatures vanquished

Notes
Turn   | Place    | Note
-------+----------+-------------------------------------------
     0 | D:1      | RighteousDevil the Kobold Wanderer began the quest for the
                  | Orb.
     0 | D:1      | RighteousDevil set off with the following items: a +2 mace,
                  | a +0 pair of gloves, a +0 robe; and the following spell
                  | memorised: Beastly Appendage; and the following spells
                  | available to memorise: Ignite Poison
     0 | D:1      | Reached XP level 1. HP: 10/10 MP: 2/2
    31 | D:1      | Reached skill level 1 in Fighting
    61 | D:1      | Reached XP level 2. HP: 17/17 MP: 3/3
   376 | D:1      | Reached XP level 3. HP: 21/22 MP: 4/4
   467 | D:1      | Found Qibui's General Store.
  1035 | D:1      | Found a faded altar of an unknown god.
  1115 | D:1      | Prayed at the altar of an unknown god.
  1115 | D:1      | Became a worshipper of Kikubaaqudgha
  1115 | D:1      | Reached * piety under Kikubaaqudgha
  1115 | D:1      | Received a gift from Kikubaaqudgha
  1729 | D:2      | Learned a level 1 spell: Animate Skeleton
  1731 | D:2      | Learned a level 1 spell: Pain
  1745 | D:2      | Reached XP level 4. HP: 20/28 MP: 3/6
  2281 | D:2      | Reached skill level 1 in Necromancy
  2347 | D:2      | HP: 1/28 [hobgoblin (2)]
  2347 | D:2      | Slain by an adder

Illustrated notes

Levels and vault maps discovered:
D:1:      lightli_arrival_quake, layout_basic,
          hellmonk_ecumenical_altar_leap_of_faith, serial_shops,
          nicolae_shop_hallway_plus, minmay_box_of_dots
D:2:      layout_basic, serial_bayou, serial_bayou_shore_a, serial_bayou_pond_e,
          serial_bayou_ford_a, serial_bayou_shore_b

Skill      XL: |  1  2  3  4 |
---------------+-------------+-----
Fighting       | 1 2 3 |  3.3
Necromancy     | 1 |  1.1
Maces & Flails | |  3.9
Stealth        | |  4.0
Spellcasting   | |  1.7
Transmutations | |  2.0

Action                   |  1- 3 |  4- 6 || total
-------------------------+-------+-------++-------
Melee: Mace              |    73 |    31 ||   104
       Headbutt          |     1 |     2 ||     3
 Cast: Beastly Appendage |     1 |     2 ||     3
  Use: Scroll            |     2 |       ||     2
       Potion            |     1 |     1 ||     2
 Stab: Sleeping          |    15 |     1 ||    16
Armor: Robe              |    10 |       ||    10
       Leather armour    |     4 |    10 ||    14
Dodge: Dodged            |    56 |    19 ||    75
